cohdb
Replays
Latest Replays
All Replays
Popular Replays
Top Player Replays
Match Explorer
How It Works
Community
CoH3 Stats
Reddit
Sign in to upload your games and track your stats! →
Sign in with Steam
Match 47161923
Unlisted
Match 47161923
Overview
Messages
Build Orders
End
Royal Engineer Section
Construct Section Command Post
Infantry Section
Selects Indian Artillery Battlegroup
Dingo Light Scout Car
Infantry Section
Construct Field Infirmary
Grenade Package
Selects Valour
Construct Platoon Command Post
Selects Gurkha Rifles Section
Gurkha Rifles Section
Humber Armored Car
Infantry Training
Selects Artillery Saturation
Vickers Machine Gun Team
Unlock Bishop Self-propelled Artillery
6-pounder Anti-tank Gun Team
NooJ
ksk_vtroem
INTOLERANT HISTORIAN♿
CatTail
0
0
Comments
sign in to comment!
No comments posted yet!